[Event "Early-Titled-Tuesday-Blitz-July-09-2024"]
[Site "Chess.com"]
[Date "2024.07.09"]
[Round "11"]
[White "NM_Antelacus"]
[Black "AlphaPerseii"]
[Result "1-0"]
[WhiteElo "2293"]
[BlackElo "2407"]
[TimeControl "180+1"]
[EndTime "10:07:51 PDT"]
[Termination "NM_Antelacus won by resignation"]

1. e4 c5 2. Nf3 Nc6 3. Bb5 e6 4. O-O Nge7 5. c3 a6 6. Be2 d5 7.
e5 d4 8. cxd4 cxd4 9. d3 Ng6 10.
Bg5 Be7 11. Bxe7 Qxe7 12. Re1 Ngxe5 13. Nxe5 Nxe5 14. Bf1 Nc6 15. Nd2 O-O 16. Nf3 b5 17. Qd2 Qf6 18. Qg5 Bb7 19. Qxf6 gxf6 20. Rac1 Rac8 21. Nd2 Nb4 22. a3 Nd5 23. Ne4 Rxc1 24. Rxc1 Rc8 25. Rxc8+ Bxc8 26. g3 Kf8 27. Bg2 Ke7 28.
Nc5 Nb6 29. b3 Kd6 30. Ne4+ Ke7 31. f4 Nd7 32. b4 Bb7 33. Kf2 f5 34. Nd2 Bxg2 35.
Kxg2 Nf6 36. Nb3 Kd6 37. Nxd4 Kd5 38. Nb3 Ng4 39. h3 Ne3+ 40. Kf3 Nc2 41. Nc5 Nxa3 42. Nxa6 Nc2 43. g4 Kd4 44. gxf5 exf5 45. Nc7 Nxb4 46.
Nxb5+ Kd5 47. Nc7+ Kd6 48. Nb5+ Kc5 49. Nc7 Nxd3 50.
Ne8 Ne1+ 51. Ke2 Nc2 52. Kd3 Nd4 53. Ke3 h6 54. Nf6 Ne6 55. Ng8 h5 56. Nh6 Ng7 57. Nxf7 Kd5 58. h4 Ke6 59. Ng5+ Kf6 60. Kd3 Ne6 61. Nxe6 Kxe6 62. Kc4 1-0

[Event "Early-Titled-Tuesday-Blitz-July-09-2024"]
[Site "Chess.com"]
[Date "2024.07.09"]
[Round "11"]
[White "nitpicker"]
[Black "ljuks68"]
[Result "0-1"]
[WhiteElo "2306"]
[BlackElo "2412"]
[TimeControl "180+1"]
[EndTime "10:07:54 PDT"]
[Termination "ljuks68 won on time"]

1. d4 d5 2. c4 c6 3. Nf3 Nf6 4. Qb3 a5 5. Nc3 a4 6. Nxa4 dxc4 7.
Qc2 b5 8. Nc5 Nbd7 9. b4 Nd5 10.
Rb1 Nxc5 11. dxc5 g6 12. g3 Bg7 13. Bd2 Ra4 14. e4 c3 15. exd5 Bf5 16. Bd3 cxd2+ 17.
Qxd2 Qxd5 18. Bxf5 Qxf5 19. Rb3 Qe4+ 20. Kf1 O-O 21. Kg2 Rfa8 22. Re1 Qf5 23. Rxe7 h6 24. Qd7 Rxa2 25. Qxf5 gxf5 26. Rbe3 Rb2 27. Re8+ Rxe8 28. Rxe8+ Kh7 29. Rc8 Rxb4 30. Rxc6 Rc4 31. Rc7 b4 32. Nh4 b3 33. Nxf5 Be5 34. Rb7 b2 35. Nd6 Rc2 36.
Nxf7 Bd4 37. Ne5+ Kg8 38. Nf3 Rxf2+ 39. Kh3 Rxf3 40. c6 Rc3 41. c7 b1=Q 42. Rxb1 Rxc7 43. Rd1 Bg7 44. Rd5 Kh7 45. Kg4 Rc4+ 46. Kf3 Kg6 47. Rd6+ Bf6 48. h4 Kf5 49. Kg2 h5 50. Kh3 Be5 51. Rd5 Rc3 52. Rb5 Rxg3+ 53. Kh2 Rb3+ 54.
Kh1 Rxb5 0-1

[Event "Early-Titled-Tuesday-Blitz-July-09-2024"]
[Site "Chess.com"]
[Date "2024.07.09"]
[Round "11"]
[White "FXDon77"]
[Black "Aslanov_Umid"]
[Result "1/2-1/2"]
[WhiteElo "2880"]
[BlackElo "2671"]
[TimeControl "180+1"]
[EndTime "10:07:55 PDT"]
[Termination "Game drawn - insufficient material"]

1. e4 c5 2. Nf3 d6 3. Bb5+ Bd7 4. c4 e5 5. Nc3 Ne7 6. O-O g6 7. d3 Bg7 8. a3 O-O 9. Bxd7 Qxd7 10. b4 Nbc6 11.
Rb1 b6 12. Be3 h6 13. bxc5 dxc5 14. Nd5 Nxd5 15. exd5 Nd4 16. Bxd4 cxd4 17. a4 f5 18.
a5 bxa5 19. Qe1 Rae8 20. Qxa5 e4 21. Nd2 e3 22. Nf3 g5 23. Qc5 g4 24. Nxd4 f4 25. Ne6 Rxe6 26. dxe6 Qxe6 27. fxe3 Rc8 28. Qxa7 fxe3 29.
Rfe1 e2 30. Rb8 Bd4+ 31. Qxd4 Rxb8 32. Qe4 Qxe4 33. dxe4 Rb4 34. Rxe2 Rxc4 35. Kf2 Rc3 36. Re3 Rc2+ 37. Re2 Rc3 38. Re3 Rc2+ 39. Kg3 h5 40. e5 Kf7 41. e6+ Ke7 42. Re5 h4+ 43. Kxg4 Rxg2+ 44. Kh3 Rc2 45. Re4 Rb2 46. Re3 Rc2 47.
Re4 Rb2 48. Rxh4 Kxe6 49. Rf4 Ke5 50. Rf3 Rb7 51. Kg3 Rg7+ 52. Kf2 Rh7 53. Kg2 Rg7+ 54. Kf2 Rh7 55. h3 Ke6 56. Kg3 Rg7+ 57. Kh4 Rf7 58. Rg3 Kf6 59. Kg4 Rg7+ 60. Kf3 Rxg3+ 61. Kxg3 Kg5 62.
h4+ Kh5 63. Kh2 Kxh4 1/2-1/2

[Event "Early-Titled-Tuesday-Blitz-July-09-2024"]
[Site "Chess.com"]
[Date "2024.07.09"]
[Round "11"]
[White "WPWPWP-2015"]
[Black "Twinstulle"]
[Result "1-0"]
[WhiteElo "2508"]
[BlackElo "2332"]
[TimeControl "180+1"]
[EndTime "10:07:55 PDT"]
[Termination "WPWPWP-2015 won on time"]

1. d4 Nf6 2. c4 c5 3. d5 b5 4. Qc2 bxc4 5. e4 d6 6. Nc3 Ba6 7. g4 g6 8. g5 Nfd7 9. h4 h5 10. Qa4 Bg7 11. f4 O-O 12. Nf3 Nb6 13. Qc2 N8d7 14. Bh3 Qc7 15. O-O Rae8 16. f5 Ne5 17. Nxe5 Bxe5 18. Bf4 Bd4+ 19. Kh2 Bc8 20. Rae1 Kh7 21.
Nb5 Qb7 22. Nxd4 cxd4 23. a4 Qa6 24. e5 Qxa4 25. Qe4 dxe5 26. Bxe5 Qb5 27. Bxd4 Qxd5 28.
fxg6+ fxg6 29. Rxf8 Rxf8 30. Bxb6 Qxe4 31. Rxe4 Bxh3 32.
Rxe7+ Kg8 33. Bd4 Rf3 34. Rg7+ Kf8 35. Rxg6 Bg4 36. Bxa7 Rd3 37. Rb6 Rh3+ 38. Kg2 Rxh4 39. Rb8+ Kf7 40. Bf2 Rh3 41. Bg3 h4 42. Be5 Rb3 43. Rh8 h3+ 44. Kh2 Bf5 45. Rh6 Bg4 46.
Rf6+ Ke7 47. g6 Re3 48. g7 Re2+ 49. Kg3 Rg2+ 50. Kf4 Be6 51. Rh6 h2 52. Ke3 Rg1 53. Rxh2 Rg6 54. Rh8 1-0

[Event "Early-Titled-Tuesday-Blitz-July-09-2024"]
[Site "Chess.com"]
[Date "2024.07.09"]
[Round "11"]
[White "Adar_07"]
[Black "Djager97"]
[Result "1/2-1/2"]
[WhiteElo "2749"]
[BlackElo "2630"]
[TimeControl "180+1"]
[EndTime "10:07:57 PDT"]
[Termination "Game drawn - insufficient material"]

1. e4 e6 2. Nc3 d5 3. exd5 exd5 4. d3 Nf6 5. Bg5 Be7 6. Qf3 c6 7. Bxf6 Bxf6 8. O-O-O Bxc3 9. bxc3 Qa5 10. d4 Be6 11.
Ne2 Nd7 12. Nf4 O-O-O 13. Kb2 Nb6 14. Re1 Na4+ 15. Kb3 c5 16. dxc5 Nxc5+ 17. Kb2 Rd6 18. Nxe6 fxe6 19. Ka1 Ne4 20. Rb1 Nd2 21. Qg3 Rc6 22.
Qxg7 Qxc3+ 23. Qxc3 Rxc3 24. Rc1 Kd7 25. Bd3 e5 26.
Rhd1 Nc4 27. Bxc4 Rxc4 28. Rxd5+ Ke6 29. Rb5 b6 30. Re1 Rc5 31. Rxc5 bxc5 32. f3 Rd8 33. f4 Rd2 34. Rxe5+ Kd6 35. Rg5 Rxc2 36. Rg7 c4 37. Kb1 Rf2 38. Rxa7 Rxg2 39. Rxh7 Kc5 40. f5 Rf2 41.
Rf7 Kb4 42. a4 Kxa4 43. f6 Kb3 44. Rb7+ Kc3 45. f7 Kd3 46. Rd7+ Ke4 47. h4 Ke5 48. h5 Ke6 49. h6 Rxf7 50. h7 Rf8 51. Rg7 Rh8 52. Kc2 Kf6 53. Rc7 Kg6 54. Kc3 Rxh7 55.
Rc6+ Kg7 56. Kxc4 Rh6 57. Rc7+ Kg6 58. Kd5 Kg5 59. Ke5 Kg4 60. Rg7+ Kf3 61. Rf7+ Ke3 62. Re7 Rh5+ 63. Ke6 Rh6+ 64. Kf5+ Kd4 65. Rd7+ Kc5 66. Ke5 Rh5+ 67. Ke4 Rh4+ 68. Kf5 Rh5+ 69. Kg4 Rd5 70.
Rc7+ Kd6 71. Rc1 Rc5 72. Ra1 Rc4+ 73. Kf5 Rc2 74. Ra6+ Kd5 75. Ra8 Rf2+ 76. Kg4 Rg2+ 77. Kf3 Rc2 78. Kf4 Rf2+ 79. Ke3 Rf7 80. Ra5+ Kc4 81.
Ke4 Re7+ 82. Re5 Rxe5+ 83. Kxe5 1/2-1/2

[Event "Early-Titled-Tuesday-Blitz-July-09-2024"]
[Site "Chess.com"]
[Date "2024.07.09"]
[Round "11"]
[White "wild3000"]
[Black "gafkens"]
[Result "0-1"]
[WhiteElo "2479"]
[BlackElo "2635"]
[TimeControl "180+1"]
[EndTime "10:07:58 PDT"]
[Termination "gafkens won by checkmate"]

1. e4 g6 2. d4 Bg7 3. g3 d5 4. e5 c5 5. dxc5 Bxe5 6. Bg2 e6 7. c3 Nc6 8. Nf3 Bg7 9. O-O Nf6 10. Nd4 O-O 11. Re1 Re8 12. Bg5 h6 13. Be3 e5 14.
Nb5 Be6 15. Nd6 Re7 16. Nd2 Ng4 17. Qa4 Nxe3 18. fxe3 Qd7 19. e4 d4 20. c4 b6 21. b4 a5 22. cxb6 Qxd6 23. c5 Qd7 24. b5 Nb4 25. c6 Qd6 26. b7 Rb8 27. Qxa5 Nc2 28. Rec1 Nxa1 29. Rxa1 Qc5 30. a4 d3+ 31. Kh1 Qc2 32. Qb4 Bf8 33. Qb1 Qxd2 34. b6 Rexb7 35. cxb7 Rxb7 36. a5 Bc5 37. Qd1 Qxd1+ 38. Rxd1 Rd7 39.
Bf1 d2 40. Bb5 Rd8 41. b7 Ba7 42. a6 Bb3 43. Rb1 d1=Q+ 44. Rxd1 Rxd1+ 45. Kg2 Rd2+ 46. Kf3 Bc2 47. Bc6 Rf2+ 48. Kg4 Bd1+ 49. Kh3 h5 50. Kh4 Kg7 51. h3 f6 52. g4 Rg2 53. g5 fxg5# 0-1

[Event "Early-Titled-Tuesday-Blitz-July-09-2024"]
[Site "Chess.com"]
[Date "2024.07.09"]
[Round "11"]
[White "kyawmyataung2005"]
[Black "rionelG"]
[Result "1/2-1/2"]
[WhiteElo "2344"]
[BlackElo "2427"]
[TimeControl "180+1"]
[EndTime "10:07:58 PDT"]
[Termination "Game drawn by repetition"]

1. e4 c5 2. Nf3 d6 3. d4 cxd4 4. Nxd4 Nf6 5. Nc3 a6 6. Be2 e5 7. Nb3 Be7 8. O-O Be6 9. a4 Nbd7 10.
a5 Rc8 11. Be3 O-O 12. f3 Qc7 13. Qd2 Rfe8 14. Rfd1 h6 15. Nc1 Nf8 16. Bb6 Qc6 17. N1a2 Qd7 18. Nb4 Nh5 19. Be3 Ng6 20. Ncd5 Bxd5 21.
Nxd5 Bd8 22. c4 Nhf4 23. Nxf4 Nxf4 24. Bxf4 exf4 25. Qxf4 Bf6 26. Ra2 Be5 27. Qe3 g5 28. g3 f5 29. c5 f4 30. Qb3+ Kh8 31. cxd6 fxg3 32. hxg3 Qh3 33. d7 Qxg3+ 34. Kf1 Qh3+ 35. Kf2 Qh2+ 36. Ke3 Bf4+ 37. Kd3 Red8 38. Qe6 Rc7 39. Ra4 Rcxd7+ 40. Kc3 Rxd1 41. Qf6+ Kg8 42. Bc4+ R1d5 43. Qg6+ Kf8 44. Qf6+ Ke8 45. Qe6+ Kf8 46. Qf6+ Ke8 47. Qe6+ Kf8 48. Qf6+ 1/2-1/2

[Event "Early-Titled-Tuesday-Blitz-July-09-2024"]
[Site "Chess.com"]
[Date "2024.07.09"]
[Round "11"]
[White "Mysterio47"]
[Black "sirinbaba33"]
[Result "1-0"]
[WhiteElo "2758"]
[BlackElo "2598"]
[TimeControl "180+1"]
[EndTime "10:08:00 PDT"]
[Termination "Mysterio47 won by resignation"]

1. e4 c5 2. Nf3 d6 3. d4 cxd4 4.
Nxd4 Nf6 5. Nc3 a6 6. a3 e5 7. Nf5 d5 8. Bg5 d4 9. Bxf6 gxf6 10.
Nb1 Nc6 11. Nd2 Be6 12. Bd3 Qd7 13. Qf3 O-O-O 14. O-O Kb8 15. b4 Na7 16. Nc4 Rc8 17.
Nb6 Qc7 18. Nxc8 Qxc8 19. Rfc1 Qc3 20. Be2 Qxf3 21. Bxf3 Bxf5 22. exf5 Bh6 23. Re1 Rc8 24. Be4 Nb5 25. Bd3 Rc3 26. a4 Nd6 27. b5 a5 28.
Ra2 Kc7 29. g3 Kb6 30. f3 Be3+ 31. Kg2 Kc5 32. Rb1 b6 33. h4 Kd5 34. Rb3 Rc8 35. Ra1 e4 36. fxe4+ Nxe4 37. Re1 Rg8 38. Kh2 Nxg3 39.
Rbb1 Ne4 40. c4+ Ke5 41. Rbc1 Nc5 42. Bc2 h5 43. Rcd1 Rg4 44. Kh3 Ne4 45. Bxe4 Kxe4 46.
Re2 Kf3 47. Rb2 Rg8 48. c5 bxc5 49. b6 Bf4 50. Rf1+ Ke4 51. Rg2 Rxg2 52. Kxg2 Bb8 53. Re1+ Kd5 54. Re8 Bd6 55. b7 Kc6 56. b8=Q Bxb8 57.
Rxb8 d3 58. Kf3 1-0

[Event "Early-Titled-Tuesday-Blitz-July-09-2024"]
[Site "Chess.com"]
[Date "2024.07.09"]
[Round "11"]
[White "AA95"]
[Black "KubaGepard"]
[Result "0-1"]
[WhiteElo "2516"]
[BlackElo "2640"]
[TimeControl "180+1"]
[EndTime "10:08:00 PDT"]
[Termination "KubaGepard won on time"]

1. Nf3 d5 2. g3 Nf6 3. Bg2 g6 4. O-O Bg7 5. d4 O-O 6. Bf4 c5 7. c3 Nc6 8. dxc5 Ne4 9. Nd4 Nxc5 10. Nxc6 bxc6 11. Nd2 Ba6 12. Nb3 Na4 13. Qd2 Nb6 14. Nc5 Bc8 15. Rad1 e5 16. Bg5 f6 17. Bh6 Nc4 18. Qc1 Bxh6 19. Qxh6 Nxb2 20. Rb1 Nc4 21. e4 Qe7 22. Nb3 Be6 23. Rbd1 Rfd8 24. Rfe1 a5 25. f4 a4 26. f5 axb3 27. axb3 Nb2 28.
Rd2 gxf5 29. exf5 Bxf5 30. Rxb2 Qc5+ 31. Qe3 Qxe3+ 32. Rxe3 Ra1+ 33. Kf2 Kg7 34. Rd2 Be6 35. Bf1 c5 36. g4 d4 37. Rg3 Rc1 38. cxd4 cxd4 39.
Bg2 Rc3 40. Be4 Rb8 41. Rxc3 dxc3 42. Rd6 Bxg4 43. Rc6 Rxb3 44. Kg3 f5 45. Bd5 Ra3 46. Kh4 h6 47. Rc7+ Kf8 48. h3 Be2 49. Rf7+ Ke8 50. Rc7 Kd8 51. Rc5 Kd7 52. Bg8 Bf1 53. Kh5 Kd6 54. Rd5+ Kc6 55. Rxe5 c2 56. Re8 Kd7 57. Re1 Be2+ 58. Kxh6 Bd1 59. Bh7 c1=Q+ 0-1

[Event "Early-Titled-Tuesday-Blitz-July-09-2024"]
[Site "Chess.com"]
[Date "2024.07.09"]
[Round "11"]
[White "edgarhay012"]
[Black "baki83"]
[Result "0-1"]
[WhiteElo "2696"]
[BlackElo "2822"]
[TimeControl "180+1"]
[EndTime "10:08:01 PDT"]
[Termination "baki83 won by checkmate"]

1. e4 c5 2. Nc3 Nc6 3. Bb5 Nd4 4. Bc4 e6 5. Nge2 Nf6 6. O-O d5 7. exd5 exd5 8. Nxd5 Nxd5 9. Nxd4 Be7 10. Qf3 Nf6 11. Bb5+ Kf8 12. Nf5 a6 13. Bc4 Bxf5 14. Qxf5 b5 15.
Be2 g6 16. Qf3 Kg7 17. d3 h5 18. Bf4 Bd6 19. Rfe1 Qc7 20. Bxd6 Qxd6 21. a4 Rae8 22. axb5 axb5 23. Bf1 Ng4 24. Qg3 Qf6 25. h3 Ne5 26.
Re4 Nc6 27. Rae1 Rxe4 28. Rxe4 Ra8 29. Re1 Ra2 30. Rb1 b4 31. Qc7 h4 32. d4 cxd4 33.
Bc4 Ra7 34. Qb6 Rd7 35. Bb5 Rd6 36. Rd1 Ne5 37. Qc5 Qf4 38. Kh1 Rd8 39. Qxb4 Nf3 40. gxf3 Qxf3+ 41. Kg1 Qxd1+ 42. Bf1 Qf3 43. Qe7 Qf6 44.
Qe4 Rd6 45. Bd3 Re6 46. Qg4 Re5 47. Kf1 Rg5 48. Qe4 Re5 49. Qg4 Ra5 50. b4 Ra1+ 51.
Kg2 Qc6+ 52. Be4 Qf6 53. Bd3 Qc6+ 54. Be4 Qc4 55. Qf4 Qf1+ 56. Kf3 Qd1+ 57. Kg2 Qh1# 0-1

[Event "Early-Titled-Tuesday-Blitz-July-09-2024"]
[Site "Chess.com"]
[Date "2024.07.09"]
[Round "11"]
[White "sergoy"]
[Black "BardArtem"]
[Result "1/2-1/2"]
[WhiteElo "2934"]
[BlackElo "2826"]
[TimeControl "180+1"]
[EndTime "10:08:02 PDT"]
[Termination "Game drawn - insufficient material"]

1. d4 d5 2. c4 e6 3. Nf3 Nf6 4. Nc3 c5 5. cxd5 Nxd5 6. e4 Nxc3 7. bxc3 cxd4 8. cxd4 Bb4+ 9. Bd2 Bxd2+ 10. Qxd2 O-O 11. Bc4 Nd7 12. O-O b6 13. Rac1 Bb7 14. d5 exd5 15. Bxd5 Bxd5 16. exd5 Nc5 17. Rfe1 Qf6 18. Re5 Rad8 19.
Rce1 h6 20. h4 a5 21. h5 a4 22. Nd4 Rd7 23. Qe3 Rfd8 24. Nf5 Kh7 25. d6 Nb7 26.
Qe4 g6 27. hxg6+ Qxg6 28. Re7 Nxd6 29. Nxd6 Qxe4 30. R1xe4 Rxe7 31. Rxe7 Rxd6 32. Rxf7+ Kg6 33. Rf4 Rd1+ 34. Kh2 Rd2 35. Kg3 b5 36. Rb4 Rxa2 37. Rxb5 a3 38. Ra5 Ra1 39. Kg4 a2 40. Ra6+ Kf7 41. f4 h5+ 42. Kf5 Ke7 43. Ra7+ Kd6 44.
Kg6 h4 45. Ra6+ Kd5 46. Kf5 Kd4 47. Ra8 Ke3 48. Ra3+ Kf2 49. Kg6 Kxg2 50. f5 h3 51. f6 h2 52. f7 Rf1 53. Rxa2+ Kg1 54. Rxh2 Kxh2 55. Kg7 Rxf7+ 56. Kxf7 1/2-1/2

[Event "Early-Titled-Tuesday-Blitz-July-09-2024"]
[Site "Chess.com"]
[Date "2024.07.09"]
[Round "11"]
[White "chessbaerchen"]
[Black "ilqar_74"]
[Result "0-1"]
[WhiteElo "2653"]
[BlackElo "2876"]
[TimeControl "180+1"]
[EndTime "10:08:02 PDT"]
[Termination "ilqar_74 won by checkmate"]

1. e4 c5 2. Nf3 d6 3. d4 cxd4 4. Nxd4 Nf6 5. Nc3 e5 6. Nb3 Be7 7. f3 O-O 8. Be3 Be6 9. Qd2 a5 10. Bb5 Na6 11. a4 Nb4 12. Nc1 d5 13. exd5 Nfxd5 14. Nxd5 Nxd5 15. Nd3 Rc8 16. c3 Nxe3 17. Qxe3 Bg5 18.
Qe2 Qb6 19. Nxe5 Rc5 20. Rd1 h6 21. Rd4 Bf6 22. f4 Qc7 23. Re4 Rd8 24. O-O Qb6 25.
Kh1 Bf5 26. Rd4 Rxd4 27. cxd4 Rc7 28. Rd1 Qd6 29. h3 Be6 30. d5 Bf5 31. Rd4 Re7 32.
Bd3 Bxe5 33. fxe5 Rxe5 34. Qf3 Re1+ 35. Bf1 Qe5 36. Rd2 Be4 37. Qf2 Bxd5 38. Kg1 Re4 39. Bd3 Rf4 40. Qg3 Rf1+ 41. Bxf1 Qxg3 42. Rxd5 g6 43.
Rd8+ Kg7 44. Rd3 Qf4 45. b3 Qb4 46. Rf3 Qc5+ 47. Kh2 f5 48. Bc4 Qe5+ 49. Kh1 g5 50.
Kg1 f4 51. Kf2 Qd4+ 52. Kf1 h5 53. Rd3 Qe4 54. Kf2 g4 55. hxg4 hxg4 56. Rd7+ Kh6 57. Rd6+ Kg5 58. Rd5+ Kh4 59. Rd3 g3+ 60. Kf1 Qe5 61.
Rd1 Qe3 62. Rd8 Qf2# 0-1

[Event "Early-Titled-Tuesday-Blitz-July-09-2024"]
[Site "Chess.com"]
[Date "2024.07.09"]
[Round "11"]
[White "snowlord"]
[Black "Andreikka"]
[Result "1-0"]
[WhiteElo "2930"]
[BlackElo "3008"]
[TimeControl "180+1"]
[EndTime "10:08:03 PDT"]
[Termination "snowlord won on time"]

1. d4 Nf6 2. c4 e6 3. Bf4 Bb4+ 4. Nd2 c5 5. dxc5 Bxc5 6. e3 O-O 7. Ngf3 b6 8. a3 Bb7 9. Be2 Be7 10. O-O d6 11. h3 Qc7 12. b4 Nbd7 13. Qb3 h6 14.
Rfc1 Rfc8 15. Qb2 Ne4 16. Nxe4 Bxe4 17. Qb3 Qb7 18. Rd1 Ne5 19. Bxe5 dxe5 20. Ne1 Bc6 21.
Bf3 e4 22. Be2 Bf6 23. Ra2 a5 24. Nc2 axb4 25. axb4 Rxa2 26. Qxa2 Ra8 27. Qb1 Ba4 28. g3 Bc3 29. h4 g6 30. Kg2 h5 31. Rc1 Qe7 32. Nd4 Bxb4 33. Qxe4 Rc8 34. Ra1 Be8 35.
Qd3 Qc7 36. Ra2 Be7 37. Ra1 Kg7 38. Ra2 Bf6 39. Nb5 Bc6+ 40. Kh2 Qe5 41. Ra7 Rd8 42. Nd4 Be4 43. Qc3 Kg8 44. Qb4 Qb8 45. Ra6 Bxh4 46. Qxb6 Qxb6 47. Rxb6 Bf6 48. f3 Ba8 49. Ra6 Bb7 50.
Ra7 Rd7 51. c5 Re7 52. c6 Bc8 53. Ra8 1-0

[Event "Early-Titled-Tuesday-Blitz-July-09-2024"]
[Site "Chess.com"]
[Date "2024.07.09"]
[Round "11"]
[White "vi_pranav"]
[Black "Seochesspie"]
[Result "0-1"]
[WhiteElo "2998"]
[BlackElo "2915"]
[TimeControl "180+1"]
[EndTime "10:08:04 PDT"]
[Termination "Seochesspie won by resignation"]

1. Nf3 d5 2. g3 Nc6 3. d4 Bf5 4. Bg2 Nb4 5. Na3 e6 6. c3 Nc6 7. Nh4 Bg4 8. Qb3 Rb8 9. e4 dxe4 10. Bxe4 Nf6 11. Bg2 Be7 12. O-O O-O 13. Nc4 Nd5 14. Nf3 Bf5 15. Re1 h6 16. Nfe5 Nxe5 17. Nxe5 c5 18.
Nf3 b5 19. Qd1 c4 20. Ne5 Qc7 21. a3 Bd6 22. Bxd5 exd5 23. Qh5 Be4 24. Bf4 Rfe8 25. f3 Bh7 26. Qg4 Re6 27. Nxf7 Rxe1+ 28. Rxe1 Bxf4 29. Ne5 Bxe5 30. Rxe5 Qd6 31. Qf4 Rf8 32. Qg4 Bd3 33. Kf2 a5 34. Qh5 Rd8 35. Ke3 b4 36. axb4 axb4 37. Re8+ Rxe8+ 38. Qxe8+ Kh7 39. Qe5 bxc3 40. bxc3 Qd7 41. g4 Kg8 42. h4 Kf7 43. Kf2 Qe6 44.
Qc7+ Kg8 45. Qd8+ Kh7 46. h5 Qe2+ 47. Kg3 Qe1+ 48. Kf4 Qxc3 49. Qxd5 Qd2+ 50. Kg3 c3 51. Qa5 Qe1+ 52. Kf4 Qc1+ 53. Kg3 c2 54. Qc3 Qd1 0-1

[Event "Early-Titled-Tuesday-Blitz-July-09-2024"]
[Site "Chess.com"]
[Date "2024.07.09"]
[Round "11"]
[White "Statham_01"]
[Black "BobbyFischer1508"]
[Result "1/2-1/2"]
[WhiteElo "2664"]
[BlackElo "2478"]
[TimeControl "180+1"]
[EndTime "10:08:04 PDT"]
[Termination "Game drawn by stalemate"]

1. e4 e6 2. d4 d5 3. Nc3 Bb4 4. Qg4 Nf6 5. Qxg7 Rg8 6. Qh6 Rg6 7. Qh4 Nxe4 8. Qxd8+ Kxd8 9. Ne2 Nxc3 10. Nxc3 Bxc3+ 11. bxc3 b6 12. Bd3 f5 13. Rg1 Ba6 14. Bf4 Bxd3 15.
cxd3 Nc6 16. Kd2 Kd7 17. Rae1 Na5 18. f3 Rc8 19. g4 fxg4 20. Rxg4 Rxg4 21. fxg4 Rf8 22.
Bg3 Nc6 23. Ke3 Ne7 24. Re2 c5 25. dxc5 bxc5 26. c4 Nc6 27. h4 Nd4 28. Rf2 Rxf2 29. Bxf2 Kd6 30. Kf4 e5+ 31. Kg5 dxc4 32. dxc4 e4 33.
Kf4 Nc6 34. Kxe4 Na5 35. Bg3+ Ke6 36. Kd3 Nc6 37. a3 a6 38. Ke4 Na5 39. Bf2 Nxc4 40. Bxc5 Nd2+ 41. Kf4 Nc4 42. Kg5 Kf7 43. Kh6 Kg8 44.
h5 Ne5 45. Kg5 Nd7 46. Bd4 Kf7 47. Kf5 Nb8 48. g5 Nc6 49. g6+ hxg6+ 50. hxg6+ Kg8 51. Bc3 Ne7+ 52. Kg5 Nxg6 53. Kxg6 Kf8 54. Kf6 Ke8 55. Ke6 Kd8 56. Kd5 Kc8 57. Be5 Kb7 58. Kd6 Ka8 59. Kc7 a5 60. Bd4 a4 61. Kc6 Kb8 62. Kb6 Ka8 63.
Ka6 Kb8 64. Bb6 Ka8 65. Ba5 Kb8 66. Bb4 Ka8 67. Kb5 Kb8 68. Bd6+ Ka8 69. Kc6 Ka7 70.
Kc7 Ka8 71. Kb6 1/2-1/2

[Event "Early-Titled-Tuesday-Blitz-July-09-2024"]
[Site "Chess.com"]
[Date "2024.07.09"]
[Round "11"]
[White "Schack-Hugo"]
[Black "biveklama"]
[Result "0-1"]
[WhiteElo "2559"]
[BlackElo "2688"]
[TimeControl "180+1"]
[EndTime "10:08:05 PDT"]
[Termination "biveklama won on time"]

1. Nf3 d5 2. b3 Nf6 3. Bb2 c5 4. e3 Nc6 5. Bb5 Bd7 6. O-O e6 7. d4 Rc8 8. Nbd2 cxd4 9. exd4 Bd6 10. a3 O-O 11. Bd3 Re8 12. Ne5 Ne7 13. f4 Nf5 14. Qe2 Qb6 15. Ndf3 Red8 16. g4 Ne7 17. Ng5 Be8 18. Rae1 Bb8 19. Nh3 Ng6 20. f5 exf5 21. Bxf5 Nxe5 22. Bxc8 Rxc8 23. g5 Ne4 24. Nf2 Ng6 25.
c4 Qd6 26. Nxe4 dxe4 27. Rf2 Nf4 28. Qf1 Nd3 29. Rxe4 Nxf2 30. Qxf2 Bd7 31. d5 Re8 32. Rxe8+ Bxe8 33. Bd4 b6 34. b4 Qf4 35. h4 Bd7 36. Qxf4 Bxf4 37. c5 bxc5 38. bxc5 Bf5 39.
Kf2 Be4 40. d6 Bc6 41. Ke2 Kf8 42. Kd3 g6 43. Kc4 Ke8 44. Kb4 Kd7 45. Ka5 Bg3 46. Ka6 Bxh4 47. Be3 f6 48. gxf6 Bxf6 49. Kxa7 h5 50. Kb6 Bd8+ 51. Ka6 h4 52. a4 g5 53. a5 h3 54. Bg1 Bf6 0-1

[Event "Early-Titled-Tuesday-Blitz-July-09-2024"]
[Site "Chess.com"]
[Date "2024.07.09"]
[Round "11"]
[White "Jospem"]
[Black "Beca95"]
[Result "1-0"]
[WhiteElo "3116"]
[BlackElo "3000"]
[TimeControl "180+1"]
[EndTime "10:08:06 PDT"]
[Termination "Jospem won on time"]

1. e4 d6 2. d4 Nf6 3. Bd3 e5 4. Nf3 Nc6 5. c3 g6 6. O-O Bg7 7. h3 O-O 8. Re1 Re8 9. d5 Nb8 10. c4 Nbd7 11. Nc3 a5 12. Bg5 h6 13. Be3 Nh5 14. a3 Nf4 15. Bf1 Nc5 16. Kh2 Qf6 17.
Ng1 a4 18. Bxc5 dxc5 19. Nxa4 b6 20. Nc3 Bf8 21. g3 Nh5 22. Qd2 Qd8 23. Nf3 Nf6 24.
Bg2 Kh7 25. Re2 Bd7 26. Ne1 Bd6 27. a4 Qe7 28. Nd3 Nh5 29. b3 f6 30. Rae1 g5 31. Nb5 Bxb5 32. cxb5 Qd7 33. Bf3 Ng7 34. Bg4 Qe7 35.
Nb2 h5 36. Bf5+ Nxf5 37. exf5 Qd7 38. Qd3 Kg7 39. Kg2 Red8 40. Qe4 Bf8 41. Rd1 Qf7 42.
Nc4 Rab8 43. d6 Bxd6 44. Red2 Qe7 45. Qc6 Rbc8 46. Nxd6 cxd6 47. Qxb6 Rb8 48. Qc6 Rbc8 49. Qd5 Rb8 50. Qe4 Rb6 51. Kh2 Qf7 52. Qc4 Qxc4 53. bxc4 Ra8 54. Ra2 Ra5 55. Kg2 Kf7 56. Kf3 Ke7 57. Ke4 Kd7 58. Rh1 Rb8 59. h4 g4 60. Rd1 Re8 61. Rad2 1-0

[Event "Early-Titled-Tuesday-Blitz-July-09-2024"]
[Site "Chess.com"]
[Date "2024.07.09"]
[Round "11"]
[White "neistoviupryam"]
[Black "Lady_Nika"]
[Result "0-1"]
[WhiteElo "2327"]
[BlackElo "2506"]
[TimeControl "180+1"]
[EndTime "10:08:09 PDT"]
[Termination "Lady_Nika won by checkmate"]

1. e4 c5 2. d4 cxd4 3. c3 dxc3 4. Nxc3 Nc6 5. Nf3 g6 6. Bc4 Bg7 7. e5 Qa5 8. Bf4 Nxe5 9. Nxe5 Bxe5 10. Bd2 Nf6 11.
O-O O-O 12. Bh6 Re8 13. Qe2 Bxc3 14. bxc3 d5 15. Bb3 Qxc3 16. Rac1 Qb4 17. Rfd1 Bg4 18. f3 Be6 19. Qe5 Rac8 20. Bg5 Nd7 21. Qa1 f6 22. Be3 Ne5 23. Bxd5 Bxd5 24. Rxd5 Qa3 25. Bh6 Rxc1+ 26. Bxc1 Qa4 27. Bh6 Qc6 28. Qd1 Kf7 29. Bf4 Nc4 30. h3 e5 31. Rd7+ Re7 32. Rxe7+ Kxe7 33. Bh6 Qc5+ 34. Kh1 Qd4 35. Qb3 b6 36. Qb4+ Qc5 37.
Qb3 a5 38. Qd3 Qd4 39. Qb3 Nd6 40. Qc2 Qa1+ 41. Kh2 Qd4 42. Qc7+ Ke6 43. Qxh7 e4 44. fxe4 Qxe4 45. Qg8+ Kd7 46. Qg7+ Kc6 47. Qxf6 Qf5 48.
Qd8 Qe5+ 49. Kh1 Ne4 50. Qd1 Nf2+ 51. Kg1 Nxd1 52. Kh1 Qe1+ 53. Kh2 b5 54. Bf4 b4 55. Bg3 Qe2 56. h4 a4 57. Kh3 Ne3 58. Bf4 Qxg2# 0-1

[Event "Early-Titled-Tuesday-Blitz-July-09-2024"]
[Site "Chess.com"]
[Date "2024.07.09"]
[Round "11"]
[White "Ditman2007"]
[Black "Fh2411"]
[Result "1-0"]
[WhiteElo "2703"]
[BlackElo "2580"]
[TimeControl "180+1"]
[EndTime "10:08:12 PDT"]
[Termination "Ditman2007 won on time"]

1. e4 c6 2. d4 d5 3. Nc3 dxe4 4.
Nxe4 Nf6 5. Nxf6+ exf6 6. c3 Bd6 7. Bd3 O-O 8. Qc2 Re8+ 9. Ne2 h5 10. O-O Nd7 11. Be3 Nf8 12. Rae1 g6 13. h3 Qc7 14. Bh6 f5 15. Qd2 Be6 16. c4 Rad8 17. Nc3 Nh7 18. d5 Bc8 19. Bc2 a6 20. Ba4 b5 21. Bb3 b4 22.
Ne2 c5 23. Nf4 Re4 24. Rxe4 fxe4 25. Qe3 Re8 26. Re1 Bf5 27. Ba4 Re7 28. Bc2 h4 29. Ne2 f6 30. Bf4 g5 31. Bxd6 Qxd6 32. Nc1 Nf8 33.
Nb3 Nd7 34. f3 Ne5 35. Qxc5 Qxc5+ 36. Nxc5 Nxc4 37. Bxe4 Bxe4 38. Rxe4 Rxe4 39. Nxe4 Kf7 40. b3 Nb6 41. Nc5 Nxd5 42. Nxa6 Ke6 43. Kf2 Ke5 44.
Nc5 Kd4 45. Ne4 Kd3 46. Nd6 Kc2 47. Ne4 Kb2 48. Ke2 Kxa2 49. Nc5 Kb2 50. Kd3 Nf4+ 51. Kc4 Nxg2 52. Ne4 Nf4 53. Nxf6 Nxh3 54. Kxb4 Nf2 55. Kc4 h3 56. Nh5 1-0

[Event "Early-Titled-Tuesday-Blitz-July-09-2024"]
[Site "Chess.com"]
[Date "2024.07.09"]
[Round "11"]
[White "Irina_Mikhaylova"]
[Black "AwareIdea"]
[Result "0-1"]
[WhiteElo "2393"]
[BlackElo "2504"]
[TimeControl "180+1"]
[EndTime "10:08:12 PDT"]
[Termination "AwareIdea won by checkmate"]

1. d4 Nf6 2. Nf3 c5 3. c4 cxd4 4. Nxd4 d6 5. Nc3 Nc6 6. e4 g6 7. Be2 Bg7 8. Be3 O-O 9. O-O Bd7 10.
f3 Qa5 11. a3 Nxd4 12. Bxd4 Be6 13. b4 Qc7 14. Rc1 a6 15. Nd5 Bxd5 16. cxd5 Qd7 17. Qd2 Rfc8 18. Rxc8+ Rxc8 19. Rc1 Nh5 20. Be3 Nf6 21. Rc2 Rc7 22. Qc1 Ne8 23. Rxc7 Nxc7 24. Qc2 e6 25. dxe6 Nxe6 26. Bc4 Bd4 27. Qd3 Bxe3+ 28.
Qxe3 Nd8 29. Qd4 Qe7 30. Qd5 Kg7 31. g3 Qf6 32. Qd3 Nc6 33. f4 Qa1+ 34. Kg2 Qb2+ 35.
Kh3 Nd4 36. e5 dxe5 37. fxe5 h5 38. Qe4 Qf2 39. Qf4 Qxf4 40. gxf4 Nc2 41. a4 Nxb4 42. Kg3 b6 43. h4 f6 44. Kf3 Nc6 45. Ke4 fxe5 46.
fxe5 Ne7 47. Bxa6 g5 48. hxg5 Kg6 49. e6 Kxg5 50. Ke5 h4 51. Bb7 h3 52. Kd6 Kf6 53. Kd7 h2 54. Kc7 Kxe6 55. Kxb6 Nd5+ 56. Kc5 h1=Q 57.
a5 Qc1+ 58. Kb5 Nc7+ 59. Kb6 Kd6 60. a6 Qc5# 0-1